 Dungeon Crawl Stone Soup version 0.31-a0-424-g41b3b0883d (webtiles) character file.

Game seed: 15765180131828258474

17 Ethylacetat the Firebug (level 2, -3/17 HPs)
             Began as an Octopode Fire Elementalist on July 30, 2023.
             Slain by Terence
             ... wielding a +0 hand axe
              (9 damage)
             ... on level 2 of the Dungeon.
             The game lasted 00:03:09 (989 turns).

Ethylacetat the Firebug (Octopode Fire Elementalist) Turns: 989, Time: 00:03:10

Health: -3/17      AC:  1    Str:  7    XL:     2   Next: 62%
Magic:  3/5        EV: 13    Int: 17    God:
Gold:   76         SH:  0    Dex: 12    Spells: 4/5 levels left

rFire   . . .        (no weapon)
rCold   . . .        (no shield)
rNeg    . . .        (helmet restricted)
rPois   .            b - amulet of regeneration
rElec   .            (no ring)
rCorr   .            (no ring)
SInv    .            (no ring)
Will    .....        (no ring)
Stlth   +++          (no ring)
HPRegen 1.02/turn    (no ring)
MPRegen 0.09/turn    (no ring)
                     (no ring)

%: no passive effects
@: no status effects
A: almost no armour, amphibious, 8 rings, camouflage 1, gelatinous body 1,
(nimble swimmer 1), tentacles
a: no special abilities


You were on level 2 of the Dungeon.
You visited 1 branch of the dungeon, and saw 2 of its levels.

You collected 76 gold pieces.

Inventory:

Jewellery
 b - an amulet of regeneration (around mantle)
Talismans
 c - a beast talisman
Scrolls
 e - a scroll of enchant armour {unknown}
 f - a scroll of identify {unknown}
 h - a scroll of noise {unknown}
 i - 3 scrolls of blinking {unknown}
Potions
 a - a potion of magic
 d - a potion of might {unknown}
 g - a potion of enlightenment {unknown}


   Skills:
 - Level 2.1 Dodging
 - Level 3.0 Stealth
 + Level 2.2 Spellcasting
 + Level 1.4 Conjurations
 + Level 3.2 Fire Magic


You had 4 spell levels left.
You knew the following spells:

 Your Spells              Type           Power      Damage    Failure   Level
a - Foxfire               Conj/Fire      36%        2x1d5     8%          1

Your spell library contained the following spells:

 Spells                   Type           Power      Damage    Failure   Level
 Scorch                   Fire           24%        2d6       8%          2
 Inner Flame              Hex/Fire       7%         N/A       28%         3
 Volatile Blastmotes      Fire/Tloc      14%        2d11      28%         3
 Flame Wave               Conj/Fire      9%         2d6       58%         4


Dungeon Overview and Level Annotations

Branches:
Dungeon (2/15)

Altars:

Annotations:
D:2 Terence


Innate Abilities, Weirdness & Mutations

You cannot wear most types of armour.
You are amphibious.
You can wear up to eight rings at the same time.
Your skin changes colour to match your surroundings (Stealth+).
Your rubbery body absorbs attacks. (AC +1, EV +1)
((You are camouflaged when in or above water. (Stealth+)))
You have tentacles for arms and can constrict up to eight enemies at once.


Message History

You open the door.
A bat comes into view.
Found a scroll labelled EHY WORIRGH.
Terence the Incautious comes into view.
He is wielding a +0 hand axe.
There is an open door here.
The helpless Terence fails to defend himself.
You tentacle-slap Terence but do no damage.
You grab Terence.
You constrict Terence, but do no damage.
Terence closely misses you.
You release your grip on Terence.
You conjure some foxfire!
Terence hits you with a +0 hand axe!
Terence hits your foxfire with a +0 hand axe.
Terence completely misses your foxfire.
You tentacle-slap Terence but do no damage.
Your grab misses Terence. You squeeze Terence, but do no damage.
The foxfire hits Terence but does no damage. x2
Terence misses you.
You barely miss Terence. You grab Terence. You constrict Terence.
Terence hits you with a +0 hand axe.
You conjure some foxfire!
You constrict Terence, but do no damage.
Terence hits you with a +0 hand axe.
Terence hits your foxfire with a +0 hand axe.
You tentacle-slap Terence but do no damage.
You squeeze Terence, but do no damage.
Terence is lightly wounded.
You constrict Terence, but do no damage.
The foxfire hits Terence but does no damage.
Terence is lightly wounded.
The foxfire hits Terence but does no damage.
Terence is lightly wounded.
Terence hits you with a +0 hand axe.
* * * LOW HITPOINT WARNING * * *
You release your grip on Terence.
Terence attacks as you move away! Terence misses you.
Terence says, "Don't bother to defend, it's pointless."
Terence hits you with a +0 hand axe!
Ouch! That really hurt!
You die...

#....>.#....
#...#....# #
#...#...###.#
#?..'.......#
#...#.......+ ..
#...#...##### .#
######...## .#
####.#@.# .#
#....##@## .+
####.##..# .#
#.###.# ##.#
###.....###<.#
#........##..#
#........##..#
####..†......#†.#
#...............#
#...........#...#


You could see Terence.

Vanquished Creatures
  A dart slug (D:1)
  4 bats
  3 endoplasms
  A giant cockroach (D:2)
  A quokka (D:2)
  A ball python (D:1)
  5 rats (D:1)
16 creatures vanquished.

Vanquished Creatures (others)
  23 foxfires
23 creatures vanquished.

Grand Total: 39 creatures vanquished

Notes
Turn   | Place    | Note
-------+----------+-------------------------------------------
     0 | D:1      | Ethylacetat the Octopode Fire Elementalist began the quest
                  | for the Orb.
     0 | D:1      | Reached XP level 1. HP: 11/11 MP: 3/3
   213 | D:1      | Reached XP level 2. HP: 17/17 MP: 1/5
   977 | D:2      | Noticed Terence
   989 | D:2      | Slain by Terence

Illustrated notes

Levels and vault maps discovered:
D:1:      elethiomel_arrival_maze, layout_basic, grunt_decor_clamped
D:2:      layout_basic, uniq_terence

Skill      XL: |  1  2 |
---------------+-------+-----
Stealth        | 3 |  3.0
Dodging        | |  2.1
Spellcasting   | |  2.2
Conjurations   | |  1.4
Fire Magic     | |  3.2

Action                     || total
---------------------------++-------
  Melee: Unarmed           ||    25
         Constrict         ||     9
         Tentacles         ||     7
         Punch             ||     1
   Cast: Foxfire           ||    12
   Stab: Sleeping          ||     8
  Dodge: Dodged            ||    12

Table legend: (Time is in decaauts)
 A = Elapsed time spent in this place.
 B = Non-inter-level travel time spent in this place.
 C = Inter-level travel time spent in this place.
 D = Time resting spent in this place.
 E = Time spent auto-exploring this place.
 F = Levels seen in this place.
 G = Mean time per level.
                   A        B        C        D        E       F      G
               +--------+--------+--------+--------+--------+-----+--------+
         Total |    988 |    955 |     33 |      0 |    841 |   2 |  494.0 |
       Dungeon |    988 |    955 |     33 |      0 |    841 |   2 |  494.0 |
               +--------+--------+--------+--------+--------+-----+--------+

Top non-repeatable levels by time:
     D:1: 883 daAuts
     D:2: 105 daAuts
